 Dungeon Crawl Stone Soup version 0.19.0-20-gbc5f0c6 (webtiles) character file.

2844 Minion the Basher (level 9, 0/68 HPs)
             Began as a Minotaur Gladiator on Nov 18, 2016.
             Was a High Priest of Cheibriados.
             Slain by a three-headed hydra (4 damage)
             ... on level 8 of the Dungeon.
             The game lasted 00:21:32 (6338 turns).

Minion the Basher (Minotaur Gladiator)              Turns: 6338, Time: 00:21:32

Health: 0/68       AC:  8    Str: 31    XL:     9   Next: 46%
Magic:  7/8        EV: 17    Int: 16    God:    Cheibriados [*****.]
Gold:   206        SH:  7    Dex: 25    Spells: 0 memorised, 8 levels left

rFire  + . .     SeeInvis .     o - +1 whip (vamp)
rCold  . . .     Gourm    .     t - +0 scale mail
rNeg   . . .     Faith    .     r - +0 buckler
rPois  +         Spirit   .     c - +0 hat
rElec  .         Reflect  .     (no cloak)
rCorr  .         Harm     .     (no gloves)
MR     .....                    p - +0 pair of boots
Stlth  +.........               (no amulet)
                                H - ring of poison resistance
                                n - ring of protection from fire

@: very slightly contaminated, very slow
A: retaliatory headbutt, horns 2
a: Bend Time, Temporal Distortion, Slouch, Step From Time, Renounce Religion


You were on level 8 of the Dungeon.
You worshipped Cheibriados.
Cheibriados was extremely pleased with you.
You were hungry.

You visited 1 branch of the dungeon, and saw 8 of its levels.

You collected 206 gold pieces.

Inventory:

Hand Weapons
 o - a +1 vampiric whip (weapon)
 q - a +3 mace of holy wrath
Missiles
 d - 5 throwing nets (quivered)
Armour
 c - a +0 hat (worn)
 p - a +0 pair of boots (worn)
 r - a +0 buckler (worn)
 t - a +0 scale mail (worn)
Jewellery
 n - a ring of protection from fire (left hand)
 H - a ring of poison resistance (right hand)
Wands
 y - a wand of lightning (9/15)
 C - a wand of acid (9/15)
Scrolls
 e - 7 scrolls of remove curse
 j - 2 scrolls of fog {unknown}
 l - 4 scrolls of identify
 D - a scroll of recharging
Potions
 a - 2 potions of haste
 b - a potion of berserk rage {unknown}
 i - 2 potions of flight
 k - 2 potions of ambrosia
 m - 2 potions of lignification
 v - a potion of brilliance {unknown}
 w - a potion of cure mutation {unknown}
 z - a potion of beneficial mutation {unknown}
 B - 2 potions of magic {unknown}
Books
 u - a book of Cantrips

   Spells                             Type                      Level
   a - Confusing Touch                Hexes                        1
   b - Animate Skeleton               Necromancy                   1
   c - Summon Small Mammal            Summoning                    1
   d - Apportation                    Translocation                1
 A - a book of Necromancy

   Spells                             Type                      Level
   a - Pain                           Necromancy                   1
   b - Animate Skeleton               Necromancy                   1
   c - Vampiric Draining              Necromancy                   3
   d - Regeneration                   Charms/Necromancy            3
   e - Animate Dead                   Necromancy                   4
   f - Control Undead                 Necromancy                   4
Comestibles
 f - 2 bread rations
 g - 2 meat rations
 h - 13 fruits
 s - 8 chunks of flesh
 x - a beef jerky


   Skills:
 - Level 2.4 Fighting
   Level 5.1(8.4) Axes
 * Level 10.3(10.8) Maces & Flails
 - Level 2.0 Throwing
 - Level 6.2 Armour
 + Level 6.7 Dodging
 + Level 6.1 Shields


You had 8 spell levels left.
You didn't know any spells.

Dungeon Overview and Level Annotations

Branches:
Dungeon (8/15)             Temple (0/1) D:4
   Lair: D:8-11

Altars:
Ashenzari
Cheibriados
Fedhas
Trog
Uskayaw
The Shining One

Shops:
D:5 *


Innate Abilities, Weirdness & Mutations

You reflexively headbutt those who attack you in melee.
You have a pair of horns on your head.


Message History

Your headbutt misses the three-headed hydra.
The three-headed hydra is lightly wounded.
The three-headed hydra bites you.
* * * LOW HITPOINT WARNING * * *
The three-headed hydra bites you.
* * * LOW HITPOINT WARNING * * *
The three-headed hydra bites you but does no damage.
Blink to where?
Press: ? - help, Dir - move target cursor You are very lightly contaminated with residual magic.
As you read the scroll of blinking, it crumbles to dust.
You are feeling hungry.
You hear the brisk hiss of a very distant avalanche of sand.
You block the three-headed hydra's attack.
The three-headed hydra bites you but does no damage.
The three-headed hydra completely misses you.
The three-headed hydra misses you. The three-headed hydra bites you!
* * * LOW HITPOINT WARNING * * *
The three-headed hydra bites you.
You die...

....######.....#..#...........
...............#..#.≈≈.........
.....######....#..#.≈....≈≈....
.....#............#.≈..........
.....#.#########.##............
.....#.# #.##............
.....#.# #.##............
.....#.# #D##<...........
.....#.##### #@######'######
...........# #........#
####.#.###.# ##########
.....#.# #.# .......# #.#
.#####.# #.# .# ### #.#
.#########.# .##........#


You could see a three-headed hydra.

Vanquished Creatures
  2 dream sheep (D:8)
  2 yaks (D:8)
  A hungry ghost (D:7)
  A sky beast (D:5)
  3 ice beasts
  An ogre (D:7)
  3 big kobolds (D:8)
  A bullfrog (D:6)
  A gnoll sergeant (D:6)
  A howler monkey (D:6)
  6 crimson imps
  2 bullfrog skeletons
  4 orc priests
  2 hounds (D:6)
  2 iguanas (D:6)
  7 worker ants
  7 orc wizards
  A hound skeleton (D:7)
  A howler monkey zombie (D:6)
  A worker ant zombie (D:6)
  10 adders
  11 gnolls
  2 shadow imps
  An ooze (D:1)
  An adder zombie (D:5)
  2 adder skeletons
  4 worms
  3 dart slugs
  7 leopard geckos
  17 orcs
  3 ball pythons
  3 giant cockroaches
  9 goblins
  8 hobgoblins
  9 jackals
  4 kobolds
  A quokka (D:6)
  11 bats
  5 frilled lizards
  A leopard gecko skeleton (D:6)
  A quokka zombie (D:7)
  13 rats
175 creatures vanquished.

Notes
Turn   | Place    | Note
-------+----------+-------------------------------------------
     0 | D:1      | Minion the Minotaur Gladiator began the quest for the Orb.
     0 | D:1      | Reached XP level 1. HP: 18/18 MP: 0/0
   210 | D:1      | Reached skill level 1 in Armour
   215 | D:1      | Reached XP level 2. HP: 19/25 MP: 1/1
   678 | D:1      | Reached XP level 3. HP: 30/30 MP: 2/2
  1553 | D:2      | Found a blossoming altar of Fedhas.
  1573 | D:2      | Found a snail-covered altar of Cheibriados.
  1579 | D:2      | Became a worshipper of Cheibriados the Contemplative
  1860 | D:3      | Reached skill level 5 in Axes
  1860 | D:3      | Reached XP level 4. HP: 37/37 MP: 3/3
  1952 | D:3      | Noticed a dagger
  1953 | D:3      | Noticed a dagger
  1955 | D:3      | Found a hide-covered altar of Uskayaw.
  2518 | D:3      | Reached skill level 1 in Maces & Flails
  2668 | D:4      | Reached * piety under Cheibriados
  2858 | D:4      | Found a staircase to the Ecumenical Temple.
  2920 | D:4      | Reached skill level 2 in Maces & Flails
  2920 | D:4      | Reached XP level 5. HP: 40/42 MP: 4/4
  3436 | D:5      | Entered Level 5 of the Dungeon
  3436 | D:5      | Found Hobovofu's Assorted Antiques.
  3488 | D:5      | Reached skill level 3 in Maces & Flails
  3565 | D:5      | Reached ** piety under Cheibriados
  3565 | D:5      | Reached XP level 6. HP: 38/50 MP: 5/5
  3658 | D:5      | Noticed a sky beast
  3672 | D:5      | Killed a sky beast
  3672 | D:5      | Reached skill level 4 in Maces & Flails
  3787 | D:5      | Found a shattered altar of Ashenzari.
  3929 | D:5      | Noticed an ice beast
  3946 | D:5      | Killed an ice beast
  3946 | D:5      | Reached skill level 5 in Maces & Flails
  4330 | D:5      | Reached XP level 7. HP: 55/56 MP: 6/6
  4419 | D:6      | Reached skill level 5 in Dodging
  4486 | D:6      | Reached skill level 6 in Maces & Flails
  4486 | D:6      | Reached skill level 1 in Shields
  4498 | D:6      | HP: 2/56 [gnoll/halberd (4)]
  4506 | D:6      | Reached skill level 5 in Armour
  4867 | D:6      | Reached skill level 7 in Maces & Flails
  4867 | D:6      | Reached XP level 8. HP: 52/62 MP: 7/7
  4874 | D:6      | Reached *** piety under Cheibriados
  5350 | D:7      | Reached skill level 8 in Maces & Flails
  5365 | D:7      | Reached **** piety under Cheibriados
  5492 | D:7      | Found a glowing golden altar of the Shining One.
  5715 | D:7      | Noticed a moth of wrath
  5719 | D:7      | Found a bloodstained altar of Trog.
  5993 | D:7      | Reached skill level 9 in Maces & Flails
  6046 | D:8      | Reached skill level 5 in Shields
  6166 | D:8      | Noticed a dream sheep
  6166 | D:8      | Noticed a dream sheep
  6171 | D:8      | Reached XP level 9. HP: 49/68 MP: 8/8
  6213 | D:8      | Reached skill level 10 in Maces & Flails
  6311 | D:8      | Noticed a three-headed hydra
  6322 | D:8      | Reached ***** piety under Cheibriados
  6338 | D:8      | Slain by a three-headed hydra

Skill      XL: |  1  2  3  4  5  6  7  8  9 |
---------------+----------------------------+-----
Armour         | 1 2 3 4 5 6 |  6.2
Axes           | 4 5 |  5.1
Maces & Flails | 2 3 5 7 9 10 | 10.3
Dodging        | 4 5 6 |  6.7
Shields        | 2 5 6 |  6.1
Fighting       | |  2.4
Throwing       | |  2.0

Action                   |  1- 3 |  4- 6 |  7- 9 || total
-------------------------+-------+-------+-------++-------
Melee: War axe           |    82 |    10 |       ||    92
       Headbutt          |    10 |    26 |   104 ||   140
       Mace              |       |    81 |       ||    81
       Whip              |       |    40 |   299 ||   339
Invok: Bend Time         |       |       |     3 ||     3
Evoke: Wand              |       |       |     1 ||     1
  Use: Scroll            |       |     7 |     5 ||    12
       Potion            |       |     3 |     1 ||     4
  Eat: Chunk             |     2 |     6 |     3 ||    11
       Fruit             |     1 |       |       ||     1
       Bread ration      |       |     1 |       ||     1
       Beef jerky        |       |       |     1 ||     1
Armor: Leather armour    |    16 |       |       ||    16
       Ring mail         |    17 |     1 |       ||    18
       Scale mail        |       |    56 |    81 ||   137
Dodge: Dodged            |    71 |    68 |   143 ||   282
Block: Buckler           |       |     7 |    69 ||    76
